 Dungeon Sprint DCSS version 0.29.1 (webtiles) character file.

Game seed: 15695704432643014111

24978 rocky1 the Fencer (level 12, -24/190 HPs)
             Began as a Minotaur Gladiator on Sept 13, 2022.
             Was an Initiate of Gozag.
             Killed from afar by Ilsuiw (55 damage)
             ... with a shard of ice
             ... in the Dungeon (Sprint VII: "The Pits").
             The game lasted 00:18:16 (4339 turns).

rocky1 the Fencer (Minotaur Gladiator)              Turns: 4339, Time: 00:18:16

Health: -24/190    AC: 27    Str: 20    XL:     12   Next: 85%
Magic:  0/11       EV: 15    Int:  5    God:    Gozag
Gold:   3335       SH:  0    Dex: 19    Spells: 11/11 levels left

rFire   + . .      SeeInvis .   J - +0 great sword (holy)
rCold   . . .      Faith    .   (shield currently unavailable)
rNeg    . . .      Spirit   +   A - +4 plate armour {rF+}
rPois   +          Reflect  .   c - +0 hat
rElec   .          Harm     .   o - +2 cloak {Will+}
rCorr   .          Rampage  .   w - +0 pair of gloves
Will    +....      NoTele   +   (no boots)
Stlth   ..........              H - amulet of guardian spirit
HPRegen 0.41/turn               y - ring of poison resistance
MPRegen 0.12/turn               t - +3 ring of dexterity

@: berserking, engulfed (cannot breathe), very quick
A: horns 2, retaliatory headbutt
a: Renounce Religion, Potion Petition, Call Merchant, Bribe Branch


You were in the Dungeon.
You worshipped Gozag.
Gozag was most pleased with you.
You visited 1 branch You collected 8397 gold pieces.
You spent 2168 gold pieces at shops.
You paid 2894 gold pieces to Gozag.

Inventory:

Hand Weapons
 a - the +3 longbow of Unitum {flame, +Blink Dex+4}
   (You bought it in a shop in the Dungeon)

   Any ammunition fired from it burns those it strikes, dealing additional fire
   damage.
   Dex:       It affects your dexterity (+4).
   +Blink:    It lets you blink.
 b - a +2 scimitar of holy wrath
 r - a +2 antimagic war axe
 z - a +1 scimitar of flaming
 J - a +0 great sword of holy wrath (weapon)
Missiles
 d - 3 throwing nets (quivered)
 e - 8 javelins
Armour
 c - a +0 hat (worn)
 o - a +2 cloak of willpower (worn)
 q - a +0 plate armour of willpower
 w - a +0 pair of gloves (worn)
 A - a +4 plate armour of fire resistance (worn)
 I - the +5 scale mail of Death Resistance {rPois}
   (You found it in the Dungeon)

   rPois:     It protects you from poison.
Jewellery
 s - a +3 ring of strength
 t - a +3 ring of dexterity (right hand)
 y - a ring of poison resistance (left hand)
 C - a ring of willpower
 H - an amulet of guardian spirit (around neck)
Wands
 p - a wand of quicksilver (10)
 B - a wand of flame (12)
Scrolls
 k - 3 scrolls of blinking
 m - 5 scrolls of amnesia
 n - a scroll of summoning
 x - 3 scrolls of identify
 E - 6 scrolls of enchant weapon
 F - 2 scrolls of enchant armour
 G - a scroll of fog
Potions
 f - 14 potions of curing
 g - 4 potions of heal wounds
 h - a potion of haste
 i - 4 potions of magic
 j - 2 potions of berserk rage
 l - a potion of invisibility
 u - a potion of brilliance
 v - 3 potions of mutation
 D - a potion of might


   Skills:
 + Level 18.0 Fighting
 + Level 20.3 Long Blades
 + Level 14.0 Ranged Weapons
 - Level 2.0 Throwing
 + Level 17.8 Armour
 + Level 16.8 Dodging
 + Level 6.5 Evocations


You had 11 spell levels left.
You didn't know any spells.
Your spell library contained the following spells:

 Spells                   Type           Power      Damage    Failure   Level
 Static Discharge         Conj/Air       0%         3-3/arc   100%        2
 Gell's Gravitas          Tloc           0%         N/A       100%        3
 Summon Ice Beast         Ice/Summ       0%         N/A       100%        4
 Borgnjor's Vile Clutch   Necr/Erth      0%         N/A       100%        5
 Lightning Bolt           Conj/Air       0%         1d11      100%        5
 Silence                  Hex/Air        0%         N/A       100%        5
 Summon Mana Viper        Hex/Summ       0%         N/A       100%        5
 Death Channel            Necr           0%         N/A       100%        6
 Haunt                    Necr/Summ      0%         N/A       100%        7
 Monstrous Menagerie      Summ           0%         N/A       100%        7
 Infestation              Necr           0%         N/A       100%        8
 Animate Dead             Necr           Unusable   N/A       N/A         4

Dungeon Overview and Level Annotations

Branches:
Dungeon (1/1)

Altars:
Ashenzari
Cheibriados
Dithmenos
Elyvilon
Fedhas
Gozag
Hepliaklqana
Kikubaaqudgha
Makhleb
Nemelex Xobeh
Okawaru
Qazlal
Ru
Sif Muna
Trog
Uskayaw
Vehumet
Wu Jian
Xom
Yredelemnul
Zin
The Shining One
Jiyva
Lugonu

Shops:
D =[(

Annotations:
D Ilsuiw


Innate Abilities, Weirdness & Mutations

You have a pair of horns on your head.
You reflexively headbutt those who attack you in melee.


Message History

You cannot read scrolls while unable to breathe!
Unknown command.
You feel much better.
* * * LOW HITPOINT WARNING * * *
Your lungs strain for air!
The water elemental barely misses you. The water elemental hits you.
Something hits you but does no damage.
Unknown command.
You barely miss something.
* * * LOW HITPOINT WARNING * * *
Your lungs strain for air!
The water elemental misses you.
The water elemental completely misses you.
Something hits you but does no damage.
You closely miss something.
* * * LOW HITPOINT WARNING * * *
Your lungs strain for air!
Something hits you.
* * * LOW HITPOINT WARNING * * *
Something freezes you.
* * * LOW HITPOINT WARNING * * *
The water elemental hits you!
* * * LOW HITPOINT WARNING * * *
The water elemental misses you.
You feel much better.
* * * LOW HITPOINT WARNING * * *
Your lungs strain for air!
Something hits you but does no damage. x2
The water elemental completely misses you.
The water elemental hits you.
A red film seems to cover your vision as you go berserk!
You feel yourself moving faster!
You feel mighty!
* * * LOW HITPOINT WARNING * * *
Your lungs strain for air!
Something hits you but does no damage.
You hear some strange, mumbled words.
A shard of ice appears from out of thin air!
The shard of ice hits you!!!
You die...
Your body crumbles into a pile of gold.

#..o.................++..... $
#.O###'############..##..#.. $
#.V# #.# #..##..... $$ #.Z# #t#
#..##..... $ $ #.z# $ #d# $
#..####++# $ #..# #z# #..####++#
$ $ #..# #s# #..##.....
#..################..##.#'##
######.........{@{........##.#.['
___.##.........EE.........## +..#
___.###########''########## #)['
_...###########''########## +}.#
###'##...........$....##..##.##+#
))'.##......#..#.$....##..##.....
###.##................++..#######
.....))...............++..#######
'#####......#..#......##.........


You could see 2 water elementals.

Vanquished Creatures
  A profane servitor (D)
  A draconian monk (D)
  A minotaur (D)
  2 hydras (D)
  A boulder beetle (D)
  A two-headed ogre (D)
  A spriggan air mage (D)
  A death yak (D)
  2 vampire magi (D)
  A large abomination (D)
  A sixfirhy (D)
  3 skeletal warriors (D)
  A deep troll (D)
  A sea snake (D)
  A flayed ghost (D)
  A wizard (D)
  A bog body (D)
  Pikel (D)
  2 orc knights (D)
  5 harpies (D)
  A wolf spider (D)
  A deep elf zephyrmancer (D)
  A manticore (D)
  A cyclops (D)
  Maurice (D)
  An eye of devastation (D)
  A demonic crawler (D)
  An efreet (D)
  A freezing wraith (D)
  An unseen horror (D)
  2 cane toads (D)
  A tarantella (D)
  A troll (D)
  A polar bear (D)
  2 wind drakes (D)
  2 air elementals (D)
  2 ynoxinuls (D)
  A wraith (D)
  A shadow (D)
  A wyvern (D)
  3 yaks (D)
  A golden eye (shapeshifter) (D)
  A basilisk (D)
  A redback (D)
  A floating eye (D)
  A water moccasin (D)
  A swamp drake (D)
  A small abomination (D)
  5 wolves (D)
  An ogre (D)
  A centaur (D)
  A bullfrog (D)
  An earth elemental (D)
  4 killer bees (D)
  A quasit (D)
  A gnoll bouda (D)
  An orc priest (D)
  An iron imp (D)
  Ijyb (D)
  An iguana (D)
  An orc wizard (D)
  2 hell rats (D)
  4 gnolls (D)
  A river rat (D)
  An adder zombie (D)
  An orc (D)
  A giant cockroach (D)
  2 goblins (D)
  5 jackals (D)
  3 bats (D)
  2 frilled lizards (D)
  A rat (D)
106 creatures vanquished.

Vanquished Creatures (others)
  2 orcs (D)
2 creatures vanquished.

Grand Total: 108 creatures vanquished

Notes
Turn   | Place    | Note
-------+----------+-------------------------------------------
     0 | D        | rocky1 the Minotaur Gladiator began the quest for the Orb.
     0 | D        | Reached XP level 1. HP: 18/18 MP: 0/0
    16 | D        | Reached skill level 4 in Long Blades
    18 | D        | Reached skill level 1 in Armour
    22 | D        | Found a bloodstained altar of Trog.
    22 | D        | Found a shimmering blue altar of Sif Muna.
    22 | D        | Found a viscous altar of Jiyva.
    22 | D        | Found a hazy altar of Hepliaklqana.
    22 | D        | Found an opulent altar of Gozag.
    23 | D        | Found a glowing golden altar of the Shining One.
    23 | D        | Found a glowing silver altar of Zin.
    23 | D        | Found a basalt altar of Yredelemnul.
    23 | D        | Found a shimmering altar of Xom.
    23 | D        | Found an ornate altar of the Wu Jian Council.
    23 | D        | Found a sacrificial altar of Ru.
    23 | D        | Found a stormy altar of Qazlal.
    23 | D        | Found an iron altar of Okawaru.
    23 | D        | Found a sparkling altar of Nemelex Xobeh.
    23 | D        | Found a burning altar of Makhleb.
    23 | D        | Found a blossoming altar of Fedhas.
    23 | D        | Found a white marble altar of Elyvilon.
    23 | D        | Found a shadowy altar of Dithmenos.
    23 | D        | Found a snail-covered altar of Cheibriados.
    27 | D        | Found a corrupted altar of Lugonu.
    27 | D        | Found a radiant altar of Vehumet.
    28 | D        | Found a broken altar of Ashenzari.
    28 | D        | Found an ancient bone altar of Kikubaaqudgha.
    28 | D        | Found a hide-covered altar of Uskayaw.
    30 | D        | Became a worshipper of Gozag Ym Sagoz the Greedy
    66 | D        | Noticed a floating eye
    67 | D        | Paralysed by a floating eye for 3 turns
    70 | D        | Killed a floating eye
    71 | D        | Reached skill level 5 in Fighting
    71 | D        | Reached skill level 7 in Long Blades
    71 | D        | Reached skill level 5 in Dodging
    71 | D        | Reached XP level 2. HP: 29/29 MP: 1/1
    71 | D        | Reached XP level 3. HP: 36/36 MP: 2/2
    71 | D        | Reached XP level 4. HP: 42/42 MP: 3/3
   149 | D        | Reached skill level 8 in Long Blades
   221 | D        | Noticed a wolf
   221 | D        | Noticed a centaur
   229 | D        | Killed a wolf
   230 | D        | Reached skill level 9 in Long Blades
   230 | D        | Reached skill level 5 in Armour
   230 | D        | Reached XP level 5. HP: 49/51 MP: 4/4
   237 | D        | Killed a centaur
   238 | D        | Reached skill level 10 in Long Blades
   238 | D        | Reached XP level 6. HP: 32/60 MP: 5/5
   259 | D        | Reached skill level 11 in Long Blades
   466 | D        | Noticed an orc knight
   475 | D        | Killed an orc knight
   476 | D        | Reached skill level 13 in Long Blades
   476 | D        | Reached XP level 7. HP: 34/70 MP: 0/6
   751 | D        | Noticed Pikel
   768 | D        | Killed Pikel
   769 | D        | Reached skill level 10 in Fighting
   769 | D        | Reached skill level 14 in Long Blades
   769 | D        | Reached XP level 8. HP: 39/79 MP: 7/7
   779 | D        | Reached skill level 10 in Armour
   966 | D        | Reached skill level 1 in Ranged Weapons
   966 | D        | Reached skill level 10 in Dodging
  1107 | D        | Noticed a polar bear
  1108 | D        | Noticed a sea snake
  1115 | D        | Killed a polar bear
  1121 | D        | Killed a sea snake
  1122 | D        | Reached skill level 15 in Long Blades
  1122 | D        | Reached XP level 9. HP: 65/90 MP: 8/8
  1233 | D        | Noticed a manticore
  1233 | D        | Noticed a freezing wraith
  1239 | D        | Reached skill level 5 in Ranged Weapons
  1260 | D        | Killed a freezing wraith
  1267 | D        | Killed a manticore
  1268 | D        | Reached skill level 16 in Long Blades
  1487 | D        | Noticed a wind drake
  1487 | D        | Noticed a flayed ghost
  1492 | D        | Reached XP level 10. HP: 100/100 MP: 9/9
  1509 | D        | Killed a flayed ghost
  1773 | D        | Noticed Maurice
  1780 | D        | Killed Maurice
  1842 | D        | Bought a ring of poison resistance for 280 gold pieces
  1853 | D        | Noticed a five-headed hydra
  1860 | D        | Killed a one-headed hydra
  1861 | D        | Reached skill level 17 in Long Blades
  1885 | D        | Noticed a bog body
  1892 | D        | Killed a bog body
  1924 | D        | Noticed a vampire mage
  1931 | D        | Killed a vampire mage
  2006 | D        | Reached XP level 11. HP: 97/111 MP: 10/10
  2126 | D        | Bought a +2 cloak of willpower for 322 gold pieces
  2126 | D        | Bought a +4 plate armour of fire resistance for 750 gold
                  | pieces
  2148 | D        | Noticed Ijyb
  2148 | D        | Noticed a harpy
  2148 | D        | Noticed a harpy
  2148 | D        | Noticed a harpy
  2148 | D        | Noticed a harpy
  2148 | D        | Noticed a harpy
  2148 | D        | Noticed a deep troll
  2148 | D        | Noticed a boulder beetle
  2162 | D        | Killed a harpy
  2163 | D        | Reached skill level 10 in Ranged Weapons
  2164 | D        | Killed a harpy
  2169 | D        | Killed a harpy
  2170 | D        | Reached skill level 15 in Fighting
  2175 | D        | Killed a harpy
  2176 | D        | Reached skill level 18 in Long Blades
  2176 | D        | Reached skill level 15 in Armour
  2176 | D        | Paralysed by an air elemental for 1 turns
  2195 | D        | Killed a harpy
  2200 | D        | Killed Ijyb
  2212 | D        | Noticed a five-headed hydra
  2344 | D        | Noticed a wolf spider
  2348 | D        | Killed a deep troll
  2357 | D        | Killed a wolf spider
  2683 | D        | Killed a three-headed hydra
  2684 | D        | Reached skill level 15 in Dodging
  2734 | D        | Killed a boulder beetle
  3089 | D        | Bought the +3 longbow of Unitum {flame, +Blink Dex+4} for
                  | 638 gold pieces
  3089 | D        | Bought a +0 great sword of holy wrath for 178 gold pieces
  3179 | D        | Reached skill level 1 in Evocations
  3205 | D        | Noticed a deep elf zephyrmancer
  3213 | D        | Killed a deep elf zephyrmancer
  3229 | D        | Reached skill level 19 in Long Blades
  3242 | D        | Noticed a minotaur
  3259 | D        | Killed a minotaur
  3441 | D        | Reached XP level 12. HP: 124/124 MP: 11/11
  3635 | D        | Noticed a profane servitor
  3635 | D        | Noticed a spriggan air mage
  3635 | D        | Noticed a green draconian monk
  3644 | D        | Noticed a death yak
  3645 | D        | Killed a spriggan air mage
  3692 | D        | Killed a profane servitor
  3704 | D        | Killed a death yak
  3726 | D        | Killed a green draconian monk
  3727 | D        | Reached skill level 5 in Evocations
  3754 | D        | Got the Lessons on Feathery Shifting
  3758 | D        | Got the +5 scale mail of Death Resistance {rPois}
  4152 | D        | Found the +12 pair of quick blades "Gyre" and "Gimble"
                  | {protect}
  4152 | D        | Noticed a two-headed ogre
  4152 | D        | Noticed a green draconian
  4153 | D        | Noticed an alligator snapping turtle
  4159 | D        | Noticed a vampire mage
  4200 | D        | Reached skill level 20 in Long Blades
  4207 | D        | Killed a vampire mage
  4214 | D        | Killed a two-headed ogre
  4309 | D        | Noticed Ilsuiw
  4339 | D        | Killed from afar by Ilsuiw

Illustrated notes

Levels and vault maps discovered:
D:        pitsprint [storerooms_1, entrance_room_1, metal_vault_3, armoury_1,
          mini_pit_1, grid_room_1, main_hall_1, silver_pit, the_coven_1,
          the_vestibule_1, steel_vault_3, golden_pit, hallway_of_sentries,
          crystal_vault_2, iron_vault_2, final_vault]

Skill      XL: |  1  2  3  4  5  6  7  8  9 10 11 12 |
---------------+-------------------------------------+-----
Long Blades    | 7 9 10 13 14 15 16 17 19 20 | 20.3
Armour         | 4 5 6 9 11 12 14 16 17 | 17.8
Fighting       | 5 6 7 9 10 11 12 14 16 18 | 18.0
Dodging        | 5 6 7 9 11 12 13 15 16 | 16.8
Ranged Weapons | 4 7 9 12 14 | 14.0
Evocations     | 2 6 |  6.5
Throwing       | |  2.0

Action                   |  1- 3 |  4- 6 |  7- 9 | 10-12 || total
-------------------------+-------+-------+-------+-------++-------
Melee: Long sword        |     7 |    49 |    48 |     5 ||   109
       Headbutt          |     2 |     7 |    27 |    79 ||   115
       Punch             |       |       |     1 |     3 ||     4
       Scimitar          |       |       |    50 |   254 ||   304
       Great sword       |       |       |       |    68 ||    68
 Fire: Shortbow          |       |       |     6 |    13 ||    19
       Longbow           |       |       |       |    24 ||    24
Invok: Call Merchant     |       |       |       |     3 ||     3
       Potion Petition   |       |       |       |     1 ||     1
  Use: Potion            |       |     2 |     1 |    12 ||    15
 Stab: Distracted        |       |     1 |     2 |     1 ||     4
       Invisible         |       |       |       |     9 ||     9
Armor: Chain mail        |       |    19 |       |       ||    19
       Leather armour    |       |     5 |       |       ||     5
       Plate armour      |       |       |    40 |   204 ||   244
Dodge: Dodged            |     7 |    25 |    42 |   210 ||   284
